 Dungeon Sprint DCSS version 0.31-a0-664-g902f515a81 (webtiles) character file.

Game seed: 14623894989274460411

23989 Conn the Scorcher (level 13, -30/79 HPs)
             Began as an Octopode Fire Elementalist on Sept 2, 2023.
             Was a High Priest of Sif Muna.
             Killed by an exploding ball lightning (33 damage)
             ... set off by themself
             ... in the Dungeon (Sprint I: "Red Sonja").
             The game lasted 00:56:22 (5459 turns).

Conn the Scorcher (Octopode Fire Elementalist)      Turns: 5459, Time: 00:56:23

Health: -30/79     AC:  1    Str:  7    XL:     13   Next: 10%
Magic:  12/34      EV: 13    Int: 26    God:    Sif Muna [*****.]
Gold:   1675       SH:  9    Dex:  9    Spells: 3/46 levels left

rFire   + + .        w - staff of fire
rCold   x . .        u - +0 buckler
rNeg    . . .        (helmet restricted)
rPois   .            r - amulet of regeneration
rElec   .            s - ring of fire
rCorr   .            (no ring)
SInv    .            (no ring)
Will    .....        (no ring)
Stlth   ++++         (no ring)
HPRegen 1.13/turn    (no ring)
MPRegen 0.24/turn    (no ring)
                     (no ring)

%: no teleportation
@: hasted, studying Unarmed Combat, very quick
A: almost no armour, amphibious, 8 rings, camouflage 1, gelatinous body 1,
(nimble swimmer 1), tentacles, large bone plates 1, clever 1, clumsy 1, frail 1,
inability to drink after injury 1
a: Renounce Religion, Channel Magic, Forget Spell, Divine Exegesis


You were in the Dungeon.
You worshipped Sif Muna.
Sif Muna was extremely pleased with you.
You visited 1 branch You collected 3095 gold pieces.
You spent 1420 gold pieces at shops.

Inventory:

Hand Weapons
 e - a +0 dagger
 i - a +2 dagger of draining
 p - the +10 arbalest "Utuitoadgh" {heavy, rElec SInv}
   (You found it in the Dungeon)

   rElec:     It insulates you from electricity.
   SInv:      It lets you see invisible.
Missiles
 j - 5 curare-tipped darts (quivered)
Armour
 u - a +0 buckler (worn)
Magical Staves
 v - a staff of cold
 w - a staff of fire (weapon)
Jewellery
 r - an amulet of regeneration (around mantle)
 s - a ring of fire (left tentacle)
Wands
 d - a wand of charming (7)
 k - a wand of mindburst (23)
 n - a wand of polymorph (10)
 o - a wand of acid (5)
Scrolls
 g - a scroll of acquirement
 h - a scroll of enchant armour
 l - a scroll of brand weapon
 m - a scroll of revelation
 x - a scroll of fear {unknown}
 y - a scroll of immolation {unknown}
Potions
 a - 2 potions of magic
 b - 4 potions of curing
 q - a potion of mutation
 t - a potion of lignification
 z - a potion of ambrosia {unknown}


   Skills:
 * Level 8.1 Fighting
 + Level 2.1 Throwing
 + Level 5.8 Dodging
 - Level 7.1 Stealth
 * Level 7.3 Shields
 + Level 17.3 Spellcasting
 * Level 11.6 Conjurations
 + Level 4.2 Hexes
 - Level 6.4 Summonings
 + Level 1.0 Translocations
 + Level 17.5 Fire Magic
 + Level 0.7 Air Magic
 * Level 7.2 Earth Magic
 + Level 0.5 Poison Magic
 * Level 11.3 Invocations
 + Level 0.2 Evocations


You had 3 spell levels left.
You knew the following spells:

 Your Spells              Type           Power      Damage    Failure   Level
a - Foxfire               Conj/Fire      100%       2x1d9     0%          1
b - Scorch                Fire           100%       2d9       0%          2
c - Inner Flame           Hex/Fire       100%       N/A       1%          3
d - Flame Wave            Conj/Fire      100%       2d21      1%          4
e - Summon Small Mammal   Summ           100%       N/A       1%          1
f - Call Canine Familiar  Summ           54%        N/A       1%          3
g - Summon Guardian Gole  Hex/Summ       50%        N/A       1%          3
h - Fireball              Conj/Fire      60%        3d23      1%          5
i - Starburst             Conj/Fire      60%        6d16      1%          6
j - Leda's Unmaking       Conj/Erth      32%        9d6       10%         6
k - Blink                 Tloc           56%        N/A       3%          2
l - Iskenderun's Mystic   Conj/Tloc      53%        2d11      2%          4
m - Mephitic Cloud        Conj/Pois/Air  44%        N/A       1%          3

Your spell library contained the following spells:

 Spells                   Type           Power      Damage    Failure   Level
 Kiss of Death            Conj/Necr      100%       2d13      1%          1
 Ensorcelled Hibernation  Hex/Ice        66%        N/A       1%          2
 Momentum Strike          Conj/Tloc      100%       3d10      1%          2
 Passwall                 Tmut/Erth      34%        N/A       1%          2
 Static Discharge         Conj/Air       100%       2-7/arc   1%          2
 Confusing Touch          Hex            44%        N/A       1%          3
 Dazzling Flash           Conj/Hex       100%       N/A       1%          3
 Volatile Blastmotes      Fire/Tloc      100%       2d18      1%          3
 Poisonous Vapours        Pois/Air       50%        N/A       3%          2
 Portal Projectile        Hex/Tloc       72%        N/A       3%          3
 Wereblood                Tmut           22%        N/A       4%          2
 Gell's Gravitas          Tloc           28%        N/A       6%          3
 Teleport Other           Tloc           28%        N/A       6%          3
 Lee's Rapid Deconstruct  Erth           28%        3d15*     4%          5
 Petrify                  Tmut/Erth      41%        N/A       7%          4
 Summon Lightning Spire   Summ/Air       41%        N/A       7%          4
 Irradiate                Conj/Tmut      25%        3d20      9%          5
 Anguish                  Hex/Necr       16%        N/A       13%         4
 Freezing Cloud           Conj/Ice/Air   21%        6-21      16%         5
 Ignition                 Fire           65%        3d17      16%         8
 Manifold Assault         Tloc           28%        N/A       21%         4
 Borgnjor's Vile Clutch   Necr/Erth      20%        N/A       21%         5
 Olgreb's Toxic Radiance  Pois           25%        N/A       26%         4
 Dispel Undead            Necr           22%        3d12      30%         4
 Yara's Violent Unravell  Hex/Tmut       16%        3d8       36%         5
 Conjure Ball Lightning   Conj/Air       26%        3x3d7     36%         6
 Spellforged Servitor     Conj/Summ      31%        N/A       54%         7
 Alistair's Intoxication  Tmut/Pois      16%        N/A       61%         5
 Dispersal                Tloc           14%        N/A       97%         6
 Death Channel            Necr           11%        N/A       99%         6
 Eringya's Noxious Bog    Tmut/Pois      12%        4d6       99%         6
 Simulacrum               Ice/Necr       11%        N/A       99%         6
 Lehudib's Crystal Spear  Conj/Erth      32%        10d8      99%         8
 Discord                  Hex            22%        N/A       100%        8
 Fire Storm               Conj/Fire      60%        8d15      100%        9
 Animate Armour           Summ/Erth      Unusable   N/A       N/A         4

Dungeon Overview and Level Annotations

Branches:
Dungeon (1/1)

Altars:
Cheibriados
Dithmenos
Elyvilon
Fedhas
Gozag
Hepliaklqana
Kikubaaqudgha
Makhleb
Nemelex Xobeh
Okawaru
Qazlal
Ru
Sif Muna
Trog
Uskayaw
Vehumet
Wu Jian
Xom
Yredelemnul
Zin
The Shining One
Jiyva
Lugonu

Shops:
D [?*![!!(*:[[[(*[!([[*

Annotations:
D Lom Lobon, Tiamat


Innate Abilities, Weirdness & Mutations

You cannot wear most types of armour.
You are amphibious.
You can wear up to eight rings at the same time.
Your skin changes colour to match your surroundings (Stealth+).
Your rubbery body absorbs attacks. (AC +1, EV +1)
((You are camouflaged when in or above water. (Stealth+)))
You have tentacles for arms and can constrict up to eight enemies at once.
You are partially covered in large bone plates. (SH +4)
Your mind is acute. (Int +4, Str/Dex -1)
You are clumsy. (Dex -2)
You are frail. (-10% HP)
You occasionally lose the ability to drink potions when taking damage.


Message History

Okay, then.
Unknown command.
Okay, then.
Okay, then.
Unknown command.
Okay, then.
Okay, then.
Unknown command.
Unknown command.
Unknown command.
Okay, then.
Unknown command.
Aiming: Fire Storm
Press: ? - help, Dir - move target, f/p - Lom Lobon
Aim: Lom Lobon (moderately wounded)
A raging storm of fire appears!
The great blast of fire engulfs Lom Lobon!!!
Lom Lobon partially resists.
Lom Lobon is heavily wounded.
The great blast of fire engulfs the ball lightning!!!
The ball lightning partially resists.
The great blast of fire engulfs the ball lightning!!!
The ball lightning partially resists.
The great blast of fire engulfs the ball lightning!!
The ball lightning partially resists.
The ball lightning explodes!
The blast of lightning engulfs your fire vortex!!
Your fire vortex resists.
The blast of lightning engulfs your fire vortex!
Your fire vortex resists.
The blast of lightning engulfs your fire vortex!
Your fire vortex resists.
The blast of lightning engulfs Lom Lobon.
Lom Lobon completely resists.
The blast of lightning engulfs you!
* * * LOW HITPOINT WARNING * * *
The ball lightning explodes!
The blast of lightning engulfs your fire vortex!
Your fire vortex resists.
The blast of lightning engulfs you!!
You die...

#.#'#.#........§§### #.#
#.....#...######§# ####'#
#.(.[.#.......§#§##### ###....#
#######.§.....#'.#☼°§#####...####
##[......§.§.~####○○&☼○§§&.###
##).........~~##[.○☼○v☼##### #
###.......~~~###..☼v§○## ^ # #
###..~~~~### #)...v## °° #
####'######'####@....# °*° #
##∩∩########∩∩######## °.&° #
###∩∩∩∩∩∩∩∩∩∩###d≈≈≈≈≈≈≈. ^.°°°#
# ############ ########## .*.*.*
#..0..+ # ####### #


You could see Lom Lobon, Tiamat and 3 friendly fire vortices.

Vanquished Creatures
  the Lernaean hydra (D)
  4 fire giants (D)
  A daeva (D)
  A deep elf annihilator (D)
  A lorocyproca (D)
  A mummy priest (D)
  A hydra (D)
  2 centaur warriors (D)
  Sonja (D)
  A deep troll (D)
  A lindwurm (D)
  2 oklob plants (D)
  8 shining eyes (D)
  2 merfolk sirens (D)
  A gargoyle (D)
  7 unseen horrors (D)
  A kobold demonologist (D)
  A hellwing (D)
  5 hornets (D)
  A slime creature (D)
  Sigmund (D)
  A yak (D)
  12 hogs (D)
  2 redbacks (D)
  6 floating eyes (D)
  An ogre (D)
  7 necrophages (D)
  8 jellies (D)
  Ijyb (D)
  3 ball lightnings (D)
  A ballistomycete spore (D)
86 creatures vanquished.

Vanquished Creatures (collateral kills)
  A hog (D)
  A floating eye (D)
2 creatures vanquished.

Vanquished Creatures (others)
  A deep elf master archer (D)
  A kobold demonologist (D)
  A gargoyle (D)
  A ballistomycete spore (D)
  A fire vortex (D)
  105 foxfires (D)
110 creatures vanquished.

Grand Total: 198 creatures vanquished

Notes
Turn   | Place    | Note
-------+----------+-------------------------------------------
     0 | D        | Conn the Octopode Fire Elementalist began the quest for the
                  | Orb.
     0 | D        | Reached XP level 1. HP: 11/11 MP: 3/3
     1 | D        | Noticed Ijyb
    70 | D        | Killed Ijyb
    71 | D        | Reached skill level 5 in Fire Magic
    71 | D        | Reached XP level 2. HP: 17/17 MP: 4/6
    71 | D        | Reached XP level 3. HP: 21/21 MP: 4/7
   121 | D        | Learned a level 2 spell: Scorch
   125 | D        | Learned a level 3 spell: Inner Flame
   125 | D        | Noticed an ogre
   128 | D        | Killed an ogre
   129 | D        | Reached XP level 4. HP: 27/27 MP: 1/10
   209 | D        | Noticed Sigmund
   213 | D        | Killed Sigmund
   214 | D        | Reached skill level 5 in Stealth
   214 | D        | Reached XP level 5. HP: 31/31 MP: 1/13
   214 | D        | Reached XP level 6. HP: 36/36 MP: 1/15
   326 | D        | Learned a level 4 spell: Flame Wave
   336 | D        | Found a shimmering blue altar of Sif Muna.
   337 | D        | Found an ornate altar of the Wu Jian Council.
   338 | D        | Found a radiant altar of Vehumet.
   348 | D        | Became a worshipper of Sif Muna the Loreminder
   372 | D        | Found Zettul's Distillery.
   372 | D        | Found an ancient bone altar of Kikubaaqudgha.
   372 | D        | Found a hazy altar of Hepliaklqana.
   372 | D        | Found a stormy altar of Qazlal.
   372 | D        | Found a hide-covered altar of Uskayaw.
   372 | D        | Found a blossoming altar of Fedhas.
   372 | D        | Found a bloodstained altar of Trog.
   372 | D        | Found an iron altar of Okawaru.
   372 | D        | Found a basalt altar of Yredelemnul.
   372 | D        | Found a glowing golden altar of the Shining One.
   372 | D        | Found a snail-covered altar of Cheibriados.
   372 | D        | Found a sacrificial altar of Ru.
   372 | D        | Found a glowing silver altar of Zin.
   372 | D        | Found a shadowy altar of Dithmenos.
   372 | D        | Found a white marble altar of Elyvilon.
   372 | D        | Noticed a yak
   380 | D        | Killed a yak
   381 | D        | Reached skill level 5 in Dodging
   381 | D        | Reached skill level 10 in Fire Magic
   381 | D        | Reached XP level 7. HP: 41/41 MP: 5/17
   383 | D        | Found an opulent altar of Gozag.
   384 | D        | Found a sparkling altar of Nemelex Xobeh.
   388 | D        | Bought a potion of heal wounds for 60 gold pieces
   465 | D        | Noticed Sonja
   470 | D        | Killed Sonja
   471 | D        | Reached XP level 8. HP: 46/46 MP: 8/21
   580 | D        | Found Xeas's Antique Armour Boutique.
   624 | D        | Noticed a deep troll
   643 | D        | Killed a deep troll
   643 | D        | Reached * piety under Sif Muna
   644 | D        | Reached skill level 1 in Throwing
   644 | D        | Reached skill level 10 in Spellcasting
   662 | D        | Found Dosmed's Armour Emporium.
   686 | D        | Learned a level 1 spell: Summon Small Mammal
   690 | D        | Learned a level 3 spell: Call Canine Familiar
   694 | D        | Learned a level 3 spell: Summon Guardian Golem
   779 | D        | Noticed a shining eye
   779 | D        | Noticed a shining eye
   779 | D        | Noticed a shining eye
   779 | D        | Gained mutation: You are dopey. (Int -2) [a shining eye]
   784 | D        | Paralysed by a floating eye for 4 turns
   791 | D        | Paralysed by a floating eye for 2 turns
   792 | D        | Killed a shining eye
   792 | D        | Reached ** piety under Sif Muna
   792 | D        | Noticed a shining eye
   793 | D        | Reached XP level 9. HP: 52/52 MP: 9/24
   794 | D        | Killed a shining eye
   794 | D        | Killed a shining eye
   795 | D        | Reached skill level 5 in Conjurations
   795 | D        | Reached skill level 1 in Hexes
   900 | D        | Reached *** piety under Sif Muna
   902 | D        | Gained mutation: You are clumsy. (Dex -2) [a shining eye]
   903 | D        | Gained mutation: You have hidden genetic defects. [a
                  | shining eye]
   906 | D        | Noticed a shining eye
   912 | D        | Gained mutation: Your muscles are strong. (Str +4, Int/Dex
                  | -1) [a shining eye]
   913 | D        | Killed a shining eye
   913 | D        | Killed a shining eye
   914 | D        | Reached skill level 5 in Invocations
   914 | D        | Reached XP level 10. HP: 57/57 MP: 2/27
   917 | D        | Noticed a shining eye
   926 | D        | Gained mutation: You are frail. (-10% HP) [hidden defects]
  1058 | D        | Lost mutation: Your muscles are strong. (Str +4, Int/Dex
                  | -1) [a shining eye]
  1070 | D        | Killed a shining eye
  1070 | D        | Reached **** piety under Sif Muna
  1071 | D        | Reached skill level 5 in Summonings
  1163 | D        | Noticed a shining eye
  1163 | D        | Noticed a shining eye
  1177 | D        | Killed a shining eye
  1178 | D        | Gained mutation: You are weak. (Str -2) [hidden defects]
  1178 | D        | Lost mutation: You have hidden genetic defects. [hidden
                  | defects expressed]
  1196 | D        | Killed a shining eye
  1304 | D        | Found Sazauses's Magic Scroll Shoppe.
  1304 | D        | Found Neafymek's Armour Shop.
  1304 | D        | Found Cooxt's Assorted Antiques.
  1304 | D        | Found Puxaemeu's Distillery.
  1321 | D        | Bought a potion of mutation for 96 gold pieces
  1322 | D        | Lost mutation: You are weak. (Str -2) [potion of mutation]
  1322 | D        | Lost mutation: You are dopey. (Int -2) [potion of mutation]
  1322 | D        | Gained mutation: You are partially covered in large bone
                  | plates. (SH +4) [potion of mutation]
  1322 | D        | Gained mutation: You occasionally lose the ability to drink
                  | potions when taking damage. [potion of mutation]
  1322 | D        | Gained mutation: Your mind is acute. (Int +4, Str/Dex -1)
                  | [potion of mutation]
  1342 | D        | Bought a potion of lignification for 36 gold pieces
  1353 | D        | Bought a long glass wand for 124 gold pieces
  1428 | D        | Found a burning altar of Makhleb.
  1428 | D        | Found a viscous altar of Jiyva.
  1428 | D        | Found a shimmering altar of Xom.
  1428 | D        | Found a corrupted altar of Lugonu.
  1435 | D        | Reached skill level 15 in Fire Magic
  1505 | D        | Noticed a kobold demonologist
  1510 | D        | Killed a kobold demonologist
  1510 | D        | Reached ***** piety under Sif Muna
  1519 | D        | Paralysed by a floating eye for 3 turns
  1527 | D        | Noticed a demonic crawler
  1641 | D        | Noticed a centaur warrior
  1648 | D        | Killed a centaur warrior
  1648 | D        | Noticed a centaur warrior
  1656 | D        | Killed a centaur warrior
  1656 | D        | Received a gift from Sif Muna
  1657 | D        | Reached XP level 11. HP: 55/55 MP: 14/29
  1657 | D        | Got Lee's Almanac of Excavation {god gift}
  1735 | D        | Reached skill level 1 in Fighting
  1751 | D        | Noticed an oklob plant
  1755 | D        | Killed an oklob plant
  1831 | D        | Reached skill level 15 in Spellcasting
  1894 | D        | Paralysed by a floating eye for 3 turns
  1909 | D        | Received a gift from Sif Muna
  1910 | D        | Got Sif Muna's Omnibus of the Dragon and Beguiling {god
                  | gift}
  2217 | D        | Received a gift from Sif Muna
  2219 | D        | Got Sif Muna's Parchment of the Flamy Discharge {god gift}
  2232 | D        | Learned a level 5 spell: Fireball
  2239 | D        | Learned a level 6 spell: Starburst
  2246 | D        | Learned a level 6 spell: Leda's Unmaking
  2268 | D        | Identified the +3 scale mail of Eternal Night {rElec Will+
                  | MP+9}
  2270 | D        | Identified the +10 arbalest "Utuitoadgh" {heavy, rElec
                  | SInv}
  2276 | D        | Found Tedgh's Antique Weapon Shoppe.
  2276 | D        | Found Agarah's Distillery.
  2276 | D        | Found Paikah's Assorted Antiques.
  2278 | D        | Found Wiukhir's Book Emporium.
  2278 | D        | Found Qoecodwarch's Antique Armour Shop.
  2278 | D        | Found Xumit's Antique Armour Shoppe.
  2278 | D        | Found Duqiemits's Antique Armour Boutique.
  2278 | D        | Found Xoregeuc's Antique Weapon Emporium.
  2278 | D        | Found Emmias's Assorted Antiques.
  2278 | D        | Found Rekkeahe's Antique Armour Shoppe.
  2282 | D        | Found Goof's Distillery.
  2283 | D        | Bought an Inescapable Atlas for 160 gold pieces
  2283 | D        | Found Estraxayd's Armour Emporium.
  2283 | D        | Found Oche's Weapon Boutique.
  2287 | D        | Learned a level 2 spell: Blink
  2287 | D        | Found Cireap's Assorted Antiques.
  2296 | D        | Bought a square ruby amulet for 95 gold pieces
  2301 | D        | Bought a blackened bone ring for 95 gold pieces
  2328 | D        | Bought a potion of lignification for 30 gold pieces
  2379 | D        | Bought a scroll of blinking for 75 gold pieces
  2392 | D        | Bought a +0 buckler for 49 gold pieces
  2439 | D        | Reached skill level 1 in Shields
  2457 | D        | Noticed a demonic crawler
  2503 | D        | Noticed a lorocyproca
  2518 | D        | Killed a lorocyproca
  2518 | D        | Reached ****** piety under Sif Muna
  2519 | D        | Reached skill level 1 in Earth Magic
  2655 | D        | Noticed a demonic crawler
  2665 | D        | Noticed a lindwurm
  2668 | D        | Killed a lindwurm
  2687 | D        | Received a gift from Sif Muna
  2688 | D        | Got Sif Muna's Excursus on Remoulded Unholy Words {god
                  | gift}
  2717 | D        | Received a gift from Sif Muna
  2718 | D        | Reached skill level 5 in Fighting
  2829 | D        | Noticed a 12-headed hydra
  2833 | D        | Paralysed by a floating eye for 3 turns
  2915 | D        | Killed a 12-headed hydra
  3109 | D        | Reached XP level 12. HP: 69/69 MP: 21/32
  3109 | D        | Received a gift from Sif Muna
  3244 | D        | Noticed a deep elf annihilator
  3303 | D        | Killed a deep elf annihilator
  3433 | D        | Noticed a mummy priest
  3436 | D        | Killed a mummy priest
  3436 | D        | Received a gift from Sif Muna
  3437 | D        | Reached skill level 5 in Shields
  3437 | D        | Reached skill level 5 in Earth Magic
  3438 | D        | Reached skill level 10 in Invocations
  3438 | D        | Got Sif Muna's Anthology of Shadowy Changing {god gift}
  3765 | D        | Noticed the 27-headed Lernaean hydra
  3770 | D        | Killed the 27-headed Lernaean hydra
  3771 | D        | Reached skill level 10 in Conjurations
  3858 | D        | Killed a deep elf master archer
  3872 | D        | Noticed Lom Lobon
  3988 | D        | Bought a potion of lignification for 36 gold pieces
  3988 | D        | Bought a potion of haste for 120 gold pieces
  3999 | D        | Bought 2 scrolls labelled IPIB TAPROESA for 62 gold pieces
  3999 | D        | Bought a scroll labelled MAOTAWN WOTH for 31 gold pieces
  3999 | D        | Bought a scroll labelled IPIB TAPROESA for 31 gold pieces
  4000 | D        | Identified a scroll of acquirement
  4016 | D        | Bought a potion of heal wounds for 60 gold pieces
  4087 | D        | Noticed a daeva
  4101 | D        | Killed a daeva
  4235 | D        | Received a gift from Sif Muna
  4402 | D        | Got the Guidebook on Morbid Arcane Combat
  4410 | D        | Learned a level 4 spell: Iskenderun's Mystic Blast
  4427 | D        | Noticed a fire giant
  4499 | D        | Bought a book of Vapours for 260 gold pieces
  4503 | D        | Learned a level 3 spell: Mephitic Cloud
  4580 | D        | Noticed a fire giant
  4580 | D        | Noticed a fire giant
  4598 | D        | Killed a fire giant
  4609 | D        | Killed a fire giant
  4615 | D        | Killed a fire giant
  4615 | D        | Received a gift from Sif Muna
  4615 | D        | Noticed a fire giant
  4616 | D        | Reached XP level 13. HP: 40/79 MP: 5/34
  4629 | D        | Killed a fire giant
  4630 | D        | Reached skill level 1 in Translocations
  4773 | D        | Got Sif Muna's Grimoire of the Old and Reckless {god gift}
  4810 | D        | Found the +4 dragonskin cloak
  4810 | D        | Noticed Tiamat
  5459 | D        | HP: 3/79 [spore (10)]
  5459 | D        | Killed by an exploding ball lightning... set off by
                  | themself

Illustrated notes

Levels and vault maps discovered:
D:        dungeon_sprint_1 [red_sonja_temple_1, red_sonja_temple_small_1]

Skill      XL: |  1  2  3  4  5  6  7  8  9 10 11 12 13 |
---------------+----------------------------------------+-----
Stealth        | 3 4 5 6 7 |  7.1
Spellcasting   | 3 4 6 7 9 11 13 14 16 17 | 17.3
Fire Magic     | 5 7 9 10 12 13 14 15 16 17 | 17.5
Dodging        | 3 4 5 |  5.8
Conjurations   | 2 3 4 6 7 9 11 | 11.6
Throwing       | 1 2 |  2.1
Summonings     | 2 4 6 |  6.4
Invocations    | 2 5 6 9 11 | 11.3
Hexes          | 2 3 4 |  4.2
Fighting       | 5 7 8 |  8.1
Shields        | 4 7 |  7.3
Earth Magic    | 4 7 |  7.2
Translocations | 1 |  1.0
Air Magic      | |  0.7
Poison Magic   | |  0.5
Evocations     | |  0.2

Action                     |  1- 3 |  4- 6 |  7- 9 | 10-12 | 13-15 || total
---------------------------+-------+-------+-------+-------+-------++-------
  Melee: Unarmed           |     6 |       |       |       |       ||     6
         Tentacles         |     2 |       |       |     7 |       ||     9
         Constrict         |     1 |       |       |     1 |       ||     2
         Dagger            |       |       |       |    10 |       ||    10
         Staff             |       |       |       |     2 |       ||     2
   Fire: Arbalest          |       |       |       |     3 |       ||     3
  Throw: Dart              |       |       |     3 |     3 |     1 ||     7
   Cast: Foxfire           |     3 |     2 |    19 |    42 |       ||    66
         Scorch            |     3 |     9 |    13 |    90 |    47 ||   162
         Inner Flame       |       |     1 |     8 |    17 |     4 ||    30
         Flame Wave        |       |       |     1 |    17 |       ||    18
         Summon Guardian G |       |       |       |     8 |       ||     8
         Fireball          |       |       |       |    34 |       ||    34
         Starburst         |       |       |       |     8 |     1 ||     9
         Call Canine Famil |       |       |       |     4 |    19 ||    23
         Summon Small Mamm |       |       |       |     1 |     1 ||     2
         Blink             |       |       |       |     1 |       ||     1
         Iskenderun's Myst |       |       |       |    12 |     2 ||    14
         Mephitic Cloud    |       |       |       |     5 |       ||     5
         Leda's Unmaking   |       |       |       |     2 |     1 ||     3
         Fire Storm        |       |       |       |       |     2 ||     2
 Invoke: Channel Magic     |       |       |       |     5 |       ||     5
         Divine Exegesis   |       |       |       |       |     2 ||     2
  Evoke: Wand              |       |       |       |     2 |       ||     2
    Use: Potion            |     2 |       |       |     8 |     2 ||    12
         Scroll            |       |       |       |     5 |     1 ||     6
   Stab: Sleeping          |       |       |       |     1 |       ||     1
 Armour: Skin              |     1 |       |     3 |    59 |     5 ||    68
  Dodge: Dodged            |     3 |     2 |     1 |    22 |       ||    28
  Block: Other             |       |       |       |     6 |       ||     6
         Buckler           |       |       |       |     1 |       ||     1

Table legend: (Time is in decaauts)
 A = Elapsed time spent in this place.
 B = Non-inter-level travel time spent in this place.
 C = Inter-level travel time spent in this place.
 D = Time resting spent in this place.
 E = Time spent auto-exploring this place.
 F = Levels seen in this place.
 G = Mean time per level.
                   A        B        C        D        E       F      G
               +--------+--------+--------+--------+--------+-----+--------+
         Total |   5450 |   5269 |    181 |   3064 |      0 |   1 | 5450.0 |
       Dungeon |   5450 |   5269 |    181 |   3064 |      0 |   1 | 5450.0 |
               +--------+--------+--------+--------+--------+-----+--------+

Top non-repeatable levels by time:
       D: 5450 daAuts
